AoeStats
← zamithdaniel

Black Forest

508240674Analyzed
3v3 RM · 11d ago on Sep 21, 2026· 33m 9s· 6 players
Game mode
Random Map
Map size
Normal (6 player)
Population
200
Speed
Normal
Resources
Standard
Victory
Conquest
Starting age
Dark Age
Ending age
Imperial Age
RankedLock teamsTeams togetherTeam positionsShared explorationLock speedFull tech treeHidden civsTurbo modeCheats
Victory
Defeat
🇨🇳 Persians · China
922
+16
🇹🇼 Spanish · Taiwan
871
+18
🇨🇴 Mongols · Colombia
862
+19
🇳🇮 Muisca · Nicaragua
1009
-22
🇳🇮 Wei · Nicaragua
937
-18
🇦🇺 Japanese · Australia
815
-13
Tr3vorTW
6:24 Loom
13:10 Feudal Age
14:05 Double-Bit Axe
17:33 Castle Age
15:24 Horse Collar
18:35 Bow Saw
18:28 Heavy Plow
18:22 Gold Mining
23:46 Stone Mining
30:29 Imperial Age
29:48 Wheelbarrow
29:04 Town Watch
29:12 Fletching
29:45 Ballistics
29:51 Caravan
31:35 Conscription
31:38 Padded Archer Armor
33:25 Two-Man Saw
32:57 Bloodlines
32:48 Husbandry
34:11 Chemistry
zamithdaniel
9:51 Feudal Age
15:40 Castle Age
14:41 Double-Bit Axe
14:40 Horse Collar
23:43 Heavy Plow
27:09 Loom
30:23 Imperial Age
29:16 Wheelbarrow
28:26 Town Watch
28:57 Bow Saw
28:39 Stone Mining
28:43 Gold Mining
29:31 Padded Archer Armor
29:22 Fletching
31:01 Leather Archer Armor
30:42 Bodkin Arrow
31:31 Gold Shaft Mining
31:38 Stone Shaft Mining
31:36 Hand Cart
31:45 Onager
34:09 Chemistry
33:31 Ballistics
zenghui
0:28 Loom
11:58 Feudal Age
13:09 Wheelbarrow
12:21 Double-Bit Axe
13:37 Horse Collar
19:55 Castle Age
18:03 Stone Mining
18:53 Gold Mining
20:35 Bow Saw
20:41 Heavy Plow
29:59 Hand Cart
35:37 Imperial Age
mperez
0:26 Loom
14:58 Feudal Age
16:09 Fishing Lines
18:55 Castle Age
16:42 Double-Bit Axe
17:00 Horse Collar
19:30 Gillnets
20:05 Bow Saw
19:56 Heavy Plow
21:03 Heavy Plow
25:26 Wheelbarrow
24:37 Town Watch
24:44 Gold Mining
24:45 Stone Mining
26:03 Stone Mining
27:12 Hand Cart
28:13 Gold Shaft Mining
28:14 Stone Shaft Mining
28:33 Treadmill Crane
31:55 Imperial Age
30:39 Masonry
30:41 Forging
30:32 Scale Mail Armor
djowyn
0:59 Loom
14:03 Feudal Age
14:33 Double-Bit Axe
14:40 Horse Collar
22:15 Castle Age
20:36 Gold Mining
20:37 Stone Mining
21:59 Forging
21:55 Scale Barding Armor
22:22 Bloodlines
24:39 Bow Saw
25:14 Heavy Plow
25:01 Fishing Lines
26:26 Husbandry
30:41 Imperial Age
30:08 Wheelbarrow
30:44 Fervor
30:41 Town Watch
31:18 Hand Cart
UlteriorParsley
0:27 Loom
15:23 Feudal Age
20:56 Castle Age
18:55 Double-Bit Axe
22:08 Fishing Lines
23:59 Horse Collar
26:52 Wheelbarrow
26:03 Town Watch
29:44 Imperial Age
27:37 Stone Mining
30:11 Heavy Plow
30:24 Bow Saw
30:10 Fletching
30:20 Padded Archer Armor
31:06 Hand Cart
33:46 Two-Man Saw
33:17 Conscription
Connection lost

Rejoining the realm…

Still unreachable

The connection could not be restored.

Session expired

The server has moved on; the page needs a fresh start.